Description

The goal of this build order is to get a strong two medivac drops into a timing push with 2 more medivacs + window mines and infantry to get strong damages. The build then follows into a macro with a third base and 2 more barracks.

VOD

https://youtu.be/npHaYFlUWPk?t=1756

Replay - herO v Oliveira: Game 4 - [ESL] Gresvan

Build Order

Get SALT Encoding   

  14  0:17  Supply Depot  
  15  0:41  Barracks  
  16  0:45  Refinery  
  19  1:28  Orbital Command, Reaper  
  20  1:45  Command Center  
  20  1:54  Supply Depot  
  20  2:00  Marine  
  23  2:12  Factory  
  23  2:20  Bunker  
  24  2:24  Barracks Reactor  
  24  2:30  Refinery  
  25  2:40  Barracks  
  26  2:59  Orbital Command  
  26  3:02  Factory Tech Lab  
  30  3:22  Cyclone  
  36  3:28  Barracks Tech Lab  
  40  3:46  Supply Depot  
  40  3:49  Stimpack  
  45  4:10  Engineering Bay  
  45  4:16  Barracks  
  49  4:25  Supply Depot  
  51  4:36  Terran Infantry Weapons Level 1  
  54  4:40  Factory Reactor  
  54  4:41  Starport  
  54  4:47  Supply Depot  
  54  4:49  Refinery  
  60  5:03  Combat Shield  
  67  5:22  Factory Reactor  
  74  5:29  Refinery  
  102  6:40  Terran Infantry Armor Level 1  
  102  6:44  Concussive Shells  
  95  7:13  Command Center  
  91  7:44  Barracks x2  
  102  8:28  Viking  
  102  8:32  Barracks Tech Lab x2  
Spawning Tool Build Advisor. Get it on Overwolf

Go to:

Details

  • Created by: Mythologiga
  • Published on: Mar 11, 2023
  • Modified on: Mar 11, 2023
  • Patch: 5.0.11
  • Difficulty: Hard
Show
View Real Time Build Order
Export as new Build Order

Comments (0)

There are no comments. Be the first!

Create an account to comment!